 Dungeon Crawl Stone Soup version 0.32-a0-999-gfa1cc04b1d (webtiles) character file.

Game seed: 2351654025699235539

948 DrKenneth the Trooper (level 7, -1/64 HPs)
             Began as a Minotaur Fighter on Apr 25, 2024.
             Killed from afar by an orc wizard (3 damage)
             ... with a puff of flame
             ... on level 6 of the Dungeon.
             The game lasted 00:10:00 (4074 turns).

DrKenneth the Trooper (Minotaur Fighter)            Turns: 4074, Time: 00:10:02

Health: -1/64      AC: 11    Str: 23    XL:     7   Next: 89%
Magic:  6/6        EV:  9    Int:  5    God:
Gold:   281        SH:  5    Dex:  9    Spells: 6/6 levels left

rFire   . . .        a - +1 war axe
rCold   . . .        c - +0 buckler
rNeg    . . .        r - +2 ring mail {rPois}
rPois   +            (helmet restricted)
rElec   .            (no cloak)
rCorr   .            m - +0 pair of gloves
SInv    .            n - +0 pair of boots
Will    .....        (no amulet) Stlth
                     (no ring)
HPRegen 0.30/turn    (no ring)
MPRegen 0.10/turn

%: no passive effects
@: no status effects
A: horns 2, retaliatory headbutt
a: Convert to Beogh


You were on level 6 of the Dungeon.
You visited 1 branch of the dungeon, and saw 6 of its levels.

You collected 281 gold pieces.

Inventory:

Hand Weapons
 a - a +1 war axe (weapon)
Armour
 b - a +0 scale mail
 c - a +0 buckler (worn)
 m - a +0 pair of gloves (worn)
 n - a +0 pair of boots (worn)
 r - a +2 ring mail of poison resistance (worn)
Scrolls
 e - a scroll of identify
 f - a scroll of noise {unknown}
 g - a scroll of summoning {unknown}
 h - 2 scrolls of brand weapon {unknown}
 i - 3 scrolls of blinking
 o - a scroll of fear {unknown}
 p - a scroll of vulnerability {unknown}
Potions
 d - 2 potions of might
 k - a potion of mutation {unknown}
 l - 3 potions of lignification
 q - 2 potions of brilliance {unknown}
 s - a potion of attraction {unknown}


   Skills:
 + Level 6.5 Fighting
 + Level 6.0 Axes
 + Level 6.5 Armour
 + Level 6.4 Shields


You had 6 spell levels left.
You didn't know any spells.
Your spell library contained the following spells:

 Spells                   Type           Power      Damage    Failure   Level
 Ensorcelled Hibernation  Hex/Ice        0%         N/A       82%         2
 Fugue of the Fallen      Necr           0%         N/A       96%         3
 Volatile Blastmotes      Fire/Tloc      0%         2d10      96%         3
 Anguish                  Hex/Necr       0%         N/A       100%        4
 Fulminant Prism          Conj/Alch      0%         3d5       100%        4
 Iskenderun's Mystic Bla Conj/Tloc 0%             2d3        (+2d1     100%        4
 Conjure Ball Lightning   Conj/Air       0%         3x3d6     100%        6
 Discord                  Hex            0%         N/A       100%        8
 Disjunction              Tloc           0%         N/A       100%        8


Dungeon Overview and Level Annotations

Branches:
Dungeon (6/15)
 Temple: D:4-7

Altars:

Annotations:
D:5 1 runed translucent door, glaedl's ghost, novice OpFE
D:6 Jeremiah


Innate Abilities, Weirdness & Mutations

You have a pair of horns on your head.
You reflexively headbutt those who attack you in melee.


Message History

Jeremiah is heavily wounded.
You closely miss the butterfly. You closely miss the orc wizard.
You miss the butterfly.
The butterfly disappears in a burst of colours!
Jeremiah hits you with a +2 vampiric trident.
* * * LOW HITPOINT WARNING * * *
Jeremiah draws strength from your wounds!
The orc wizard points at you and mumbles some strange words.
The magic dart hits you.
* * * LOW HITPOINT WARNING * * *
You closely miss Jeremiah.
Jeremiah is heavily wounded.
You barely miss the orc wizard. You barely miss the butterfly.
You completely miss the butterfly.
The butterfly disappears in a burst of colours!
Jeremiah hits you with a +2 vampiric trident.
* * * LOW HITPOINT WARNING * * *
You block the orc wizard's attack.
The orc priest threatens, "Beogh's wrath is as vast as their mercy.
Make your choice!"
You slash Jeremiah!
You headbutt Jeremiah, but do no damage.
Jeremiah is almost dead.
You slash the orc priest! You miss the butterfly.
You closely miss the orc wizard. You miss the butterfly.
The butterfly disappears in a burst of colours! x2
Jeremiah hits you with a +2 vampiric trident.
* * * LOW HITPOINT WARNING * * *
Jeremiah draws strength from your wounds!
The orc wizard closely misses you.
The orc priest hits you but does no damage.
Jeremiah hits you but does no damage.
As you read the scroll labelled AFRYIT EMUESU, it crumbles to dust.
It is a scroll of enchant weapon.
Your +0 war axe glows red for a moment.
The butterfly disappears in a burst of colours!
The orc priest hits you with a +0 short sword.
* * * LOW HITPOINT WARNING * * *
The orc wizard gestures at you while chanting.
The puff of flame hits you.
You die...

#.## ..#####...
..<......#
b.........#
....<.....###
?.......b.b.#
..b.b.bbF...##
...b..bb†@b..#
.<.....boob..####
.....b.)b.)......
###.........##.##
.........?.......
.....##.........#
#.... #)#.####...
##.. #<#.# #.#
... #.#.. ..


You could see Jeremiah, an orc priest and an orc wizard.

Vanquished Creatures
  A steam dragon (D:6)
  2 ice beasts
  A phantom (D:5)
  A scorpion (D:5)
  A bombardier beetle (D:3)
  3 hounds
  Crazy Yiuf (D:3)
  An orc priest (D:6)
  2 iguanas (D:4)
  Terence (D:3)
  A sleepcap (D:3)
  4 gnolls
  8 adders
  A white imp (D:5)
  2 ufetubi (D:5)
  2 dart slugs
  2 ribbon worms
  8 orcs
  4 bats
  5 endoplasms
  A giant cockroach (D:1)
  6 goblins
  7 hobgoblins
  6 jackals
  2 quokkas
  6 ball pythons
  7 frilled lizards
  8 kobolds
  6 rats
100 creatures vanquished.

Vanquished Creatures (others)
  An orc (D:6)
1 creature vanquished.

Grand Total: 101 creatures vanquished

Notes
Turn   | Place    | Note
-------+----------+-------------------------------------------
     0 | D:1      | DrKenneth the Minotaur Fighter began the quest for the Orb.
     0 | D:1      | Reached XP level 1. HP: 19/19 MP: 0/0
   158 | D:1      | Found a faded altar of an unknown god.
   242 | D:1      | Reached XP level 2. HP: 16/27 MP: 1/1
   810 | D:1      | Reached XP level 3. HP: 31/33 MP: 2/2
  1367 | D:2      | Reached XP level 4. HP: 40/40 MP: 3/3
  1785 | D:3      | Found a runed translucent door.
  1786 | D:3      | Noticed Crazy Yiuf
  1796 | D:3      | Killed Crazy Yiuf
  2001 | D:3      | Noticed an ice beast
  2007 | D:3      | Reached XP level 5. HP: 37/47 MP: 4/4
  2010 | D:3      | Killed an ice beast
  2011 | D:3      | Reached skill level 5 in Fighting
  2011 | D:3      | Reached skill level 5 in Armour
  2011 | D:3      | Reached skill level 5 in Shields
  2011 | D:3      | Reached XP level 6. HP: 16/56 MP: 5/5
  2265 | D:3      | Noticed Terence
  2270 | D:3      | Killed Terence
  3162 | D:4      | Reached skill level 5 in Axes
  3276 | D:5      | Entered Level 5 of the Dungeon
  3302 | D:5      | Found a runed translucent door.
  3315 | D:5      | Noticed glaedl's ghost (novice OpFE)
  3334 | D:5      | Noticed an ice beast
  3343 | D:5      | Killed an ice beast
  3344 | D:5      | Reached XP level 7. HP: 62/62 MP: 6/6
  4024 | D:6      | Noticed a steam dragon
  4026 | D:6      | Noticed Jeremiah
  4035 | D:6      | Killed a steam dragon
  4073 | D:6      | HP: 3/64 [Jeremiah/+2 vampiric trident (6)]
  4074 | D:6      | Killed from afar by an orc wizard

Illustrated notes

Levels and vault maps discovered:
D:1:      orjb1_lava_funnel, layout_loops_corners,
          nicolae_ecumenical_lake_church
D:2:      layout_basic, kennysheep_generic_room_6
D:3:      layout_basic, supply_closet_lemuel, roderic_roman_lattice,
          uniq_terence, uniq_crazy_yiuf_cottage
D:4:      layout_cave_pools, serial_column_ruins, column_ruins_grid_3,
          column_ruins_columns_corner, column_ruins_grid_1,
          column_ruins_corridor_corner, column_ruins_grid_3,
          column_ruins_open_tiny, chequers_serial_rivers_micro_c,
          minmay_statues_item, minmay_box_of_dots
D:5:      layout_basic, ebering_ghost_sewer_d, grunt_ministairs_12,
          serial_library_hellmonk_junction
D:6:      layout_rooms, mainiacjoe_overflow_paths, okawaru_ov_weapons_minmay,
          demons_altar, uniq_jeremiah

Skill      XL: |  1  2  3  4  5  6  7 |
---------------+----------------------+-----
Fighting       | 4 5 6 |  6.5
Armour         | 4 5 6 |  6.5
Shields        | 4 5 6 |  6.4
Axes           | 3 4 5 6 |  6.0

Action                     |  1- 3 |  4- 6 |  7- 9 || total
---------------------------+-------+-------+-------++-------
  Melee: War axe           |    77 |   123 |    46 ||   246
         Headbutt          |     6 |    17 |     6 ||    29
    Use: Scroll            |       |       |     3 ||     3
 Armour: Scale mail        |    50 |    83 |       ||   133
         Ring mail         |       |    34 |    76 ||   110
  Dodge: Dodged            |    34 |    59 |    26 ||   119
  Block: Buckler           |    18 |    33 |    21 ||    72

Table legend: (Time is in decaauts)
 A = Elapsed time spent in this place.
 B = Non-inter-level travel time spent in this place.
 C = Inter-level travel time spent in this place.
 D = Time resting spent in this place.
 E = Time spent auto-exploring this place.
 F = Levels seen in this place.
 G = Mean time per level.
                   A        B        C        D        E       F      G
               +--------+--------+--------+--------+--------+-----+--------+
         Total |   4139 |   3892 |    247 |    612 |   2598 |   6 |  689.8 |
       Dungeon |   4139 |   3892 |    247 |    612 |   2598 |   6 |  689.8 |
               +--------+--------+--------+--------+--------+-----+--------+

Top non-repeatable levels by time:
     D:1: 1134 daAuts
     D:3: 902 daAuts
     D:5: 754 daAuts
     D:4: 657 daAuts
     D:2: 634 daAuts
     D:6: 56 daAuts
